 Dungeon Crawl Stone Soup version 0.29-a0-25-g7f48f510a0 (webtiles) character file.

Game seed: 787938800356550897

558 ddubois the Cudgeller (level 7, -5/55 HPs)
             Began as a Palentonga Transmuter on Feb 1, 2022.
             Was a Plaything of Xom.
             Slain by a wyvern (12 damage)
             ... on level 5 of the Dungeon.
             The game lasted 00:11:39 (5230 turns).

ddubois the Cudgeller (Palentonga Transmuter)       Turns: 5230, Time: 00:11:39

Health: -5/55      AC: 14    Str: 16    XL:     7   Next: 9%
Magic:  9/9        EV:  5    Int: 13    God:    Xom [.*....]
Gold:   229        SH:  0    Dex: 10    Spells: 9/10 levels left

rFire   . . .      SeeInvis +   c - +1 whip (elec)
rCold   + . .      Faith    .   (no shield)
rNeg    . . .      Spirit   .   s - +0 chain mail
rPois   .          Reflect  .   (no helmet)
rElec   .          Harm     .   (no cloak)
rCorr   .          Rampage  .   (no gloves)
Will    .....      Rage     1%  (no barding)
Stlth   ..........              (no amulet)
HPRegen 0.18/turn               (no ring)
MPRegen 0.11/turn               (no ring)

@: flying, hasted, curled up, very quick
A: large, rugged brown scales 3, see invisible, deformed body, roll 1, armoured
tail, reflexive curl, berserk 1, cold resistance 1, low MP 1
a: Rolling Charge, Renounce Religion


You were on level 5 of the Dungeon.
You worshipped Xom.
You were a plaything of Xom.
You visited 1 branch of the dungeon, and saw 5 of its levels.

You collected 229 gold pieces.

Inventory:

Hand Weapons
 c - a +1 whip of electrocution (weapon)
Missiles
 b - 121 stones (quivered)
 i - 43 bolts
 m - 39 arrows
Armour
 a - a +0 robe
 k - a +0 leather armour
 s - a +0 chain mail (worn)
Jewellery
 f - an amulet of magic regeneration
 l - a ring of resist corrosion
 r - a ring of protection from fire
 u - an amulet of reflection
 w - an amulet of faith
Wands
 x - a wand of flame (16)
Scrolls
 d - 2 scrolls of fear
 e - 7 scrolls of identify {unknown}
 g - 2 scrolls of noise
 h - a scroll of vulnerability {unknown}
 o - a scroll of fog {unknown}
 p - a scroll of teleportation {unknown}
Potions
 j - a potion of brilliance
 n - a potion of flight
 t - a potion of magic {unknown}


   Skills:
 + Level 3.2 Fighting
 * Level 4.4 Maces & Flails
 + Level 2.1 Armour
 + Level 3.6 Dodging
 - Level 3.0 Unarmed Combat
 - Level 2.0 Spellcasting
 - Level 2.0 Transmutations


You had 9 spell levels left.
You knew the following spells:

 Your Spells              Type           Power      Damage    Failure   Level
a - Beastly Appendage     Tmut           12%        N/A       90%         1

Your spell library contained the following spells:

 Spells                   Type           Power      Damage    Failure   Level
 Wereblood                Tmut           6%         N/A       97%         2
 Slow                     Hex            4%         N/A       99%         1
 Confusing Touch          Hex            1%         N/A       100%        3
 Spider Form              Tmut/Pois      3%         N/A       100%        3
 Vampiric Draining        Necr           1%         2d6       100%        3
 Ice Form                 Ice/Tmut       3%         N/A       100%        4


Dungeon Overview and Level Annotations

Branches:
Dungeon (5/15)
 Temple: D:4-7

Altars:
Elyvilon
Gozag
Hepliaklqana
Qazlal
Ru
Xom

Annotations:
D:4 2 runed translucent doors


Innate Abilities, Weirdness & Mutations

You are completely covered in rugged brown scales. (AC +3, +7% HP)
You have supernaturally acute eyesight. (SInv)
Armour fits poorly on your strangely shaped body.
You can roll at nearby foes to attack.
You have a long armoured tail.
You curl defensively after being hit. (AC +7*)
You tend to lose your temper in combat.
Your flesh is cold resistant. (rC+)
Your magical capacity is low. (-10% MP)


Message History

* * * LOW HITPOINT WARNING * * *
You closely miss the scorpion.
The scorpion is moderately wounded.
The scorpion stings you.
* * * LOW HITPOINT WARNING * * *
You hit the scorpion but do no damage.
Your tail-slap misses the scorpion.
The scorpion is moderately wounded.
The scorpion completely misses you.
It was a potion of curing.
You feel better. The scorpion stings you.
* * * LOW HITPOINT WARNING * * *
It was a potion of flight.
You feel very buoyant.
You fly up into the air.
Xom roars with laughter!
The scorpion stings you.
* * * LOW HITPOINT WARNING * * *
You are lethally poisoned!
The scorpion poisons you!
The scorpion stings you but does no damage.
Unknown command.
You feel better. The scorpion completely misses you.
As you read the scroll labelled VYEZIL SALI, it crumbles to dust.
You assume a fearsome visage.
The scorpion looks frightened!
It was a scroll of fear.
You hear Xom's avuncular chuckle.
The scorpion evaporates and reforms as a wyvern!
The wyvern bites you.
* * * LOW HITPOINT WARNING * * *
Unknown command.
Unknown command.
Unknown command.
As you read the scroll labelled PAETUA TOELO, it crumbles to dust.
You hear a loud clanging noise!
It was a scroll of noise.
You hear an angry hiss.
The wyvern barely misses you.
It was a potion of haste.
You feel yourself speed up. The wyvern closely misses you.
The wyvern bites you!
You die...
Xom cackles wildly!

..###.# ......##
.......#########
#..............#
.........†.###.#
#.#.#..###.# #.#
# #..# #.# #.#
#....#
#.###.######
#.##.#
#.....l@...# #.
#)# #####.####.#
# #.# #.# #.#
... ##.## #<#
....####...###.#
..............#
.####...#####
##.## #[#


You could see a wyvern.

Vanquished Creatures
  Grinder (D:3)
  An ogre (D:4)
  A hound (D:4)
  3 iguanas
  2 hound skeletons (D:4)
  4 gnolls (D:3)
  3 adders (D:4)
  A white imp (D:5)
  An adder skeleton (D:4)
  4 dart slugs
  7 orcs
  6 ball pythons
  8 endoplasms
  5 giant cockroaches
  7 goblins
  4 hobgoblins
  7 kobolds
  A bat (D:1)
  A frilled lizard (D:2)
  A rat (D:1)
68 creatures vanquished.

Vanquished Creatures (others)
  9 plants
9 creatures vanquished.

Grand Total: 77 creatures vanquished

Notes
Turn   | Place    | Note
-------+----------+-------------------------------------------
     0 | D:1      | ddubois the Palentonga Transmuter began the quest for the
                  | Orb.
     0 | D:1      | Reached XP level 1. HP: 16/16 MP: 3/3
    33 | D:1      | Reached XP level 2. HP: 18/22 MP: 5/5
   210 | D:1      | Gained mutation: Your tail ends in a venomous barb. [potion
                  | of mutation]
   210 | D:1      | Gained mutation: Potions are less effective at restoring
                  | your health. [potion of mutation]
   210 | D:1      | Gained mutation: You do not regenerate when monsters are
                  | visible. [potion of mutation]
   979 | D:2      | Reached XP level 3. HP: 27/27 MP: 6/6
  1025 | D:2      | Reached skill level 1 in Maces & Flails
  1530 | D:2      | Found a faded altar of an unknown god.
  1870 | D:3      | Found a stormy altar of Qazlal.
  1872 | D:3      | Found a hazy altar of Hepliaklqana.
  1872 | D:3      | Found a sacrificial altar of Ru.
  1873 | D:3      | Found a white marble altar of Elyvilon.
  1873 | D:3      | Found an opulent altar of Gozag.
  1873 | D:3      | Found a shimmering altar of Xom.
  1903 | D:3      | Became a worshipper of Xom of Bone-Dry Humour
  1967 | D:3      | XOM: divination: magic mapping
  1985 | D:3      | XOM: butterfly on damage
  2016 | D:3      | XOM: divination: detect items
  2477 | D:3      | XOM is BORED!
  2525 | D:3      | Lost mutation: Potions are less effective at restoring your
                  | health. [potion of mutation]
  2525 | D:3      | Lost mutation: You do not regenerate when monsters are
                  | visible. [potion of mutation]
  2525 | D:3      | Lost mutation: Your tail ends in a venomous barb. [potion
                  | of mutation]
  2525 | D:3      | Gained mutation: You do not regenerate when monsters are
                  | visible. [potion of mutation]
  2525 | D:3      | Gained mutation: Your flesh is cold resistant. (rC+)
                  | [potion of mutation]
  2525 | D:3      | Gained mutation: You sometimes lose the ability to read
                  | scrolls when taking damage. [potion of mutation]
  2797 | D:3      | Noticed Grinder
  2804 | D:3      | XOM: confuse monster(s)
  2807 | D:3      | Killed Grinder
  2808 | D:3      | Reached skill level 3 in Maces & Flails
  2808 | D:3      | Reached skill level 1 in Armour
  2808 | D:3      | Reached XP level 4. HP: 28/36 MP: 7/7
  2808 | D:3      | Reached XP level 5. HP: 32/41 MP: 8/8
  2945 | D:3      | XOM: divination: magic mapping
  3000 | D:3      | Found a stormy altar of Qazlal.
  3007 | D:3      | Found a sacrificial altar of Ru.
  3058 | D:3      | Found an opulent altar of Gozag.
  3058 | D:3      | Found a white marble altar of Elyvilon.
  3058 | D:3      | Found a hazy altar of Hepliaklqana.
  3058 | D:3      | Found a shimmering altar of Xom.
  3058 | D:3      | XOM: 2-stop teleportation journey
  3579 | D:3      | Reached XP level 6. HP: 46/49 MP: 9/9
  3781 | D:3      | XOM: god gift: 43 gold pieces
  3826 | D:3      | XOM: silly message
  3864 | D:4      | XOM: 2-stop teleportation journey
  4040 | D:4      | XOM: 6-stop teleportation journey
  4129 | D:4      | Found a large runed translucent door.
  4130 | D:4      | Found a large runed translucent door.
  4234 | D:4      | XOM: confusion (+ monsters)
  4247 | D:4      | Reached skill level 4 in Maces & Flails
  4548 | D:4      | XOM: cloud trail
  4660 | D:4      | XOM: summons 3 hostile shadow creatures
  4816 | D:4      | XOM: 9-stop teleportation journey
  4887 | D:4      | XOM: give mutations
  4887 | D:4      | Gained mutation: Your magical capacity is low. (-10% MP)
                  | [Xom's mischief]
  4887 | D:4      | Lost mutation: You sometimes lose the ability to read
                  | scrolls when taking damage. [Xom's mischief]
  4887 | D:4      | Gained mutation: You tend to lose your temper in combat.
                  | [Xom's mischief]
  4887 | D:4      | Lost mutation: You do not regenerate when monsters are
                  | visible. [Xom's mischief]
  5124 | D:4      | XOM is BORED!
  5151 | D:5      | Entered Level 5 of the Dungeon
  5185 | D:5      | Gained mutation: You curl defensively after being hit. (AC
                  | +7*) [Palentonga growth]
  5185 | D:5      | Reached XP level 7. HP: 55/55 MP: 9/9
  5228 | D:5      | Noticed a wyvern
  5228 | D:5      | a scorpion changed into a wyvern
  5228 | D:5      | XOM: polymorph scorpion -> wyvern
  5230 | D:5      | Slain by a wyvern

Illustrated notes

Levels and vault maps discovered:
D:1:      ebering_trefoil_twist, layout_basic, minmay_misc_feat_iff
D:2:      layout_basic, ebering_ecumenical_altar_sacrificial
D:3:      layout_loops_corners, grunt_temple_overflow_open,
          serial_bayou_lagoon_b, uniq_grinder
D:4:      layout_loops_ring, jmf_multi_god_temple2, serial_bayou_pond_b,
          hangedman_abyss_or_decor_stabs
D:5:      layout_loops_ring, fedhas_altar_1, gammafunk_ghost_smash

Skill      XL: |  1  2  3  4  5  6 |
---------------+-------------------+-----
Dodging        | 2 3 |  3.6
Maces & Flails | 3 4 |  4.4
Fighting       | 2 3 |  3.2
Armour         | 1 2 |  2.1
Unarmed Combat | |  3.0
Spellcasting   | |  2.0
Transmutations | |  2.0

Action                   |  1- 3 |  4- 6 |  7- 9 || total
-------------------------+-------+-------+-------++-------
Melee: Unarmed           |    24 |       |       ||    24
       Tailslap          |    13 |    19 |     4 ||    36
       Whip              |    67 |    84 |    19 ||   170
       Punch             |     2 |     3 |       ||     5
Throw: Stone             |     4 |     5 |       ||     9
 Abil: Rolling Charge    |    42 |    23 |     2 ||    67
  Use: Potion            |     4 |       |     4 ||     8
       Scroll            |       |       |     2 ||     2
 Stab: Confused          |       |     1 |       ||     1
Armor: Robe              |    12 |       |       ||    12
       Leather armour    |     5 |       |       ||     5
       Chain mail        |     1 |    25 |     5 ||    31
Dodge: Dodged            |    30 |    12 |     9 ||    51

Table legend: (Time is in decaauts)
 A = Elapsed time spent in this place.
 B = Non-inter-level travel time spent in this place.
 C = Inter-level travel time spent in this place.
 D = Time resting spent in this place.
 E = Time spent auto-exploring this place.
 F = Levels seen in this place.
 G = Mean time per level.
                   A        B        C        D        E       F      G
               +--------+--------+--------+--------+--------+-----+--------+
         Total |   5272 |   5069 |    203 |    724 |   3698 |   5 | 1054.4 |
       Dungeon |   5272 |   5069 |    203 |    724 |   3698 |   5 | 1054.4 |
               +--------+--------+--------+--------+--------+-----+--------+

Top non-repeatable levels by time:
     D:3: 1955 daAuts
     D:2: 1241 daAuts
     D:4: 1038 daAuts
     D:1: 959 daAuts
     D:5: 76 daAuts
